 Dungeon Sprint DCSS version 0.30-a0-305-g026cb31310 (webtiles) character file.

Game seed: 4100068219576489617

401 rocky1 the Martial Artist (level 6, -10/87 HPs)
             Began as a Draconian Transmuter on Oct 23, 2022.
             Was a High Priest of Sif Muna.
             Mangled by a four-headed hydra (13 damage)
             ... in the Dungeon (Sprint VII: "The Pits").
             The game lasted 00:03:54 (1036 turns).

rocky1 the Martial Artist (Draconian Transmuter)    Turns: 1036, Time: 00:03:55

Health: -10/87     AC:  2    Str: 12    XL:     6   Next: 54%
Magic:  8/11       EV: 22    Int: 13    God:    Sif Muna [*****.]
Gold:   0          SH:  0    Dex: 19    Spells: 5/11 levels left

rFire   . . .      SeeInvis .      - Unarmed
rCold   . . .      Faith    .    (shield currently unavailable)
rNeg    . . .      Spirit   .    (body armour unavailable)
rPois   x          Reflect  .    (helmet currently unavailable)
rElec   .          Harm     .    (cloak currently unavailable)
rCorr   .          Rampage  .    (gloves currently unavailable)
Will    .....      NoTele   +    (boots currently unavailable)
Stlth   ..........               (no amulet)
HPRegen 0.34/turn                (no ring)
MPRegen 0.12/turn                (no ring)

@: berserking, spider-form, very quick
A: venomous fangs, AC +6, tiny, unfitting armour, (cold-blooded)
a: End Transformation, Renounce Religion, Channel Magic, Forget Spell, Divine
Exegesis


You were in the Dungeon.
You worshipped Sif Muna.
Sif Muna was extremely pleased with you.
You were a venomous arachnid creature.
You visited 1 branch

Inventory:

Scrolls
 g - a scroll of blinking
 i - 5 scrolls of amnesia
 j - a scroll of summoning
Potions
 a - a potion of lignification
 b - 6 potions of curing
 d - a potion of haste
 e - 4 potions of magic
 h - a potion of invisibility


   Skills:
 + Level 6.5 Fighting
 + Level 4.7 Dodging
 - Level 2.7 Stealth
 * Level 9.3 Unarmed Combat
 - Level 3.3 Spellcasting
 + Level 6.3 Transmutations
 - Level 3.0 Invocations


You had 5 spell levels left.
You knew the following spells:

 Your Spells              Type           Power      Damage    Failure   Level
a - Beastly Appendage     Tmut           36%        N/A       7%          1
b - Wereblood             Tmut           18%        N/A       10%         2
c - Spider Form           Tmut/Pois      10%        N/A       38%         3

Your spell library contained the following spells:

 Spells                   Type           Power      Damage    Failure   Level
 Ice Form                 Ice/Tmut       10%        N/A       73%         4


Dungeon Overview and Level Annotations

Branches:
Dungeon (1/1)

Altars:
Ashenzari
Cheibriados
Dithmenos
Elyvilon
Fedhas
Gozag
Hepliaklqana
Kikubaaqudgha
Makhleb
Nemelex Xobeh
Okawaru
Qazlal
Ru
Sif Muna
Trog
Uskayaw
Vehumet
Wu Jian
Xom
Yredelemnul
Zin
The Shining One
Jiyva
Lugonu


Innate Abilities, Weirdness & Mutations

You are a venomous arachnid creature.
You have poisonous fangs.
You are tiny and dextrous.
Your spellcasting is less reliable in this form.
Your armour is entirely melded.
You are incapable of wielding weapons or throwing items.
((Your plain brown scales are hard. (AC +6)))
You cannot fit into any form of body armour.
((You are cold-blooded and may be slowed by cold attacks.))


Message History

Your transformation is almost over.
Your horns disappear.
Your talons disappear.
Done waiting.
This spell is dangerous to cast!
Memorise Spider Form, consuming 3 spell levels and leaving 5?
You start memorising the spell.
You continue memorising. x3
You finish memorising.
Spell assigned to 'c'.
There is an open door here.
Casting: Beastly Appendage (safe; 1% risk of failure)
Confirm with . or Enter, or press ? or * to list all spells.
You turn into a venomous arachnid creature.
Unknown command.
You open the door.
A four-headed hydra comes into view.
The four-headed hydra roars!
The four-headed hydra bites you! x2
The four-headed hydra closely misses you.
The four-headed hydra completely misses you.
There is an open door here.
You bite the four-headed hydra!
The four-headed hydra is lightly wounded.
The four-headed hydra bites you! x2
The four-headed hydra completely misses you.
The four-headed hydra closely misses you.
Unknown command.
A red film seems to cover your vision as you go berserk!
You feel yourself moving faster!
You feel mighty! The four-headed hydra misses you.
The four-headed hydra barely misses you.
The four-headed hydra bites you!
* * * LOW HITPOINT WARNING * * *
The four-headed hydra bites you.
* * * LOW HITPOINT WARNING * * *
You bite the four-headed hydra!
The four-headed hydra is moderately wounded.
The four-headed hydra completely misses you.
The four-headed hydra bites you!
* * * LOW HITPOINT WARNING * * *
The four-headed hydra bites you!
You die...

#.#........##.......#
#.#........##.......#
#'###########.......#
#...†...# #########
#...#...# #...#...#
#.##.##.#+#
#...#...#D+
#...#...#s#
#.......'.#
###########


You could see a four-headed hydra.

Vanquished Creatures
  A floating eye (D)
  An orc warrior (D)
  An ogre (D)
  An orc priest (D)
  An iron imp (D)
  An orc wizard (D)
  A gnoll (D)
  2 river rats (D)
  A white imp (D)
  An adder zombie (D)
  2 orcs (D)
  A bat (D)
  A giant cockroach (D)
  3 goblins (D)
  A ball python zombie (D)
  A frilled lizard (D)
20 creatures vanquished.

Notes
Turn   | Place    | Note
-------+----------+-------------------------------------------
     0 | D        | rocky1 the Draconian Transmuter began the quest for the
                  | Orb.
     0 | D        | Reached XP level 1. HP: 16/16 MP: 3/3
    21 | D        | Found a bloodstained altar of Trog.
    21 | D        | Found a shimmering blue altar of Sif Muna.
    21 | D        | Found a viscous altar of Jiyva.
    21 | D        | Found a hazy altar of Hepliaklqana.
    21 | D        | Found an opulent altar of Gozag.
    22 | D        | Found a glowing golden altar of the Shining One.
    22 | D        | Found a glowing silver altar of Zin.
    22 | D        | Found a basalt altar of Yredelemnul.
    22 | D        | Found a shimmering altar of Xom.
    22 | D        | Found an ornate altar of the Wu Jian Council.
    22 | D        | Found a sacrificial altar of Ru.
    22 | D        | Found a stormy altar of Qazlal.
    22 | D        | Found an iron altar of Okawaru.
    22 | D        | Found a sparkling altar of Nemelex Xobeh.
    22 | D        | Found a burning altar of Makhleb.
    22 | D        | Found a blossoming altar of Fedhas.
    22 | D        | Found a white marble altar of Elyvilon.
    22 | D        | Found a shadowy altar of Dithmenos.
    22 | D        | Found a snail-covered altar of Cheibriados.
    25 | D        | Found a corrupted altar of Lugonu.
    25 | D        | Found a radiant altar of Vehumet.
    26 | D        | Found an ancient bone altar of Kikubaaqudgha.
    26 | D        | Found a hide-covered altar of Uskayaw.
    26 | D        | Found a broken altar of Ashenzari.
    27 | D        | Became a worshipper of Sif Muna the Loreminder
   181 | D        | Reached * piety under Sif Muna
   182 | D        | Reached skill level 4 in Unarmed Combat
   182 | D        | Reached XP level 2. HP: 25/25 MP: 3/5
   250 | D        | Reached ** piety under Sif Muna
   268 | D        | Reached skill level 5 in Unarmed Combat
   268 | D        | Reached XP level 3. HP: 7/33 MP: 4/6
   592 | D        | Learned a level 2 spell: Wereblood
   594 | D        | Noticed an ogre
   594 | D        | Noticed an orc warrior
   610 | D        | Reached *** piety under Sif Muna
   611 | D        | Reached skill level 1 in Stealth
   611 | D        | Reached skill level 6 in Unarmed Combat
   611 | D        | Reached skill level 1 in Invocations
   611 | D        | Reached XP level 4. HP: 40/40 MP: 3/7
   650 | D        | Killed an ogre
   651 | D        | Reached skill level 5 in Fighting
   651 | D        | Reached skill level 7 in Unarmed Combat
   651 | D        | Reached skill level 5 in Transmutations
   651 | D        | Reached XP level 5. HP: 39/48 MP: 8/10
   652 | D        | Reached **** piety under Sif Muna
   666 | D        | Killed an orc warrior
   667 | D        | Reached skill level 8 in Unarmed Combat
   667 | D        | Reached XP level 6. HP: 32/57 MP: 8/11
   918 | D        | Noticed a floating eye
   920 | D        | Killed a floating eye
   920 | D        | Reached ***** piety under Sif Muna
   921 | D        | Reached skill level 9 in Unarmed Combat
  1029 | D        | Learned a level 3 spell: Spider Form
  1032 | D        | Noticed a four-headed hydra
  1036 | D        | HP: 3/87 [four-headed hydra (16)]
  1036 | D        | Mangled by a four-headed hydra

Illustrated notes

Levels and vault maps discovered:
D:        pitsprint [storerooms_1, entrance_room_1, metal_vault_5, armoury_2,
          mini_pit_1, grid_room_1, main_hall_1, silver_pit, the_coven_3,
          the_vestibule_1, steel_vault_4, golden_pit, hallway_of_sentries,
          crystal_vault_4, iron_vault_2, final_vault]

Skill      XL: |  1  2  3  4  5  6 |
---------------+-------------------+-----
Fighting       | 2 3 4 5 6 |  6.5
Unarmed Combat | 4 5 6 7 8 9 |  9.3
Transmutations | 3 4 5 6 |  6.3
Dodging        | 2 3 4 |  4.7
Stealth        | 1 2 |  2.7
Invocations    | 1 3 |  3.0
Spellcasting   | 3 |  3.3

Action                   |  1- 3 |  4- 6 || total
-------------------------+-------+-------++-------
Melee: Unarmed           |    37 |    35 ||    72
       Kick              |     7 |    11 ||    18
       Headbutt          |     3 |     2 ||     5
       Tailslap          |     2 |     4 ||     6
       Punch             |       |     1 ||     1
 Cast: Beastly Appendage |     6 |     3 ||     9
       Wereblood         |     1 |     1 ||     2
       Spider Form       |       |     1 ||     1
  Use: Potion            |     4 |     6 ||    10
 Stab: Invisible         |       |     2 ||     2
Armor: Skin              |     9 |     2 ||    11
Dodge: Dodged            |    20 |    20 ||    40

Table legend: (Time is in decaauts)
 A = Elapsed time spent in this place.
 B = Non-inter-level travel time spent in this place.
 C = Inter-level travel time spent in this place.
 D = Time resting spent in this place.
 E = Time spent auto-exploring this place.
 F = Levels seen in this place.
 G = Mean time per level.
                   A        B        C        D        E       F      G
               +--------+--------+--------+--------+--------+-----+--------+
         Total |   1055 |   1037 |     18 |    794 |      0 |   1 | 1055.0 |
       Dungeon |   1055 |   1037 |     18 |    794 |      0 |   1 | 1055.0 |
               +--------+--------+--------+--------+--------+-----+--------+

Top non-repeatable levels by time:
       D: 1055 daAuts
